 Dungeon Crawl Stone Soup version 0.30-a0-292-g0f741e3f8e (webtiles) character file.

Game seed: 6727447578051943004

241 Hubjo the Insei (level 5, -6/39 HPs)
             Began as a Demonspawn Transmuter on Oct 17, 2022.
             Mangled by Edmund
             ... wielding a +0 flail of protection
              (14 damage)
             ... on level 4 of the Dungeon.
             The game lasted 00:04:34 (3314 turns).

Hubjo the Insei (Demonspawn Transmuter)             Turns: 3314, Time: 00:04:34

Health: -6/39      AC:  3    Str: 11    XL:     5   Next: 80%
Magic:  9/9        EV: 12    Int: 16    God:
Gold:   181        SH:  0    Dex: 13    Spells: 9/10 levels left

rFire   . . .      SeeInvis .      - Unarmed
rCold   . . .      Faith    .    (no shield)
rNeg    . . .      Spirit   .    a - +0 robe
rPois   .          Reflect  .    (helmet currently unavailable)
rElec   .          Harm     .    (no cloak)
rCorr   +          Rampage  .    (no gloves)
Will    .....                    (boots currently unavailable)
Stlth   +.........               r - amulet of magic regeneration
HPRegen 0.26/turn                g - ring of resist corrosion
MPRegen 0.51/turn                (no ring)

@: appendages (expiring)
A: horns 2, talons 2, ignite blood 1, sharp scales 1
a: End Transformation


You were on level 4 of the Dungeon.
You had temporarily grown beastly horns and talons.
You visited 1 branch of the dungeon, and saw 4 of its levels.

You collected 181 gold pieces.

Inventory:

Armour
 a - a +0 robe (worn)
Jewellery
 g - a ring of resist corrosion (left hand)
 r - an amulet of magic regeneration (around neck)
Wands
 k - a wand of flame (35)
 q - a wand of light (4)
Scrolls
 c - a scroll of immolation
 e - 3 scrolls of noise {unknown}
 f - 2 scrolls of magic mapping
 h - a scroll of identify
 j - 2 scrolls of amnesia
 n - a scroll of fog
 p - a scroll of torment
Potions
 b - a potion of lignification
 d - 4 potions of curing
 i - 2 potions of might {unknown}
 l - 2 potions of magic {unknown}
 o - a potion of resistance {unknown}
 s - a potion of heal wounds {unknown}


   Skills:
 + Level 2.5 Fighting
 + Level 3.0 Dodging
 + Level 3.5 Unarmed Combat
 + Level 3.0 Spellcasting
 + Level 2.9 Transmutations


You had 9 spell levels left.
You knew the following spells:

 Your Spells              Type           Power      Damage    Failure   Level
a - Beastly Appendage     Tmut           22%        N/A       5%          1

Your spell library contained the following spells:

 Spells                   Type           Power      Damage    Failure   Level
 Wereblood                Tmut           11%        N/A       9%          2
 Spider Form              Tmut/Pois      7%         N/A       30%         3
 Ice Form                 Ice/Tmut       7%         N/A       69%         4


Dungeon Overview and Level Annotations

Branches:
Dungeon (4/15)
 Temple: D:4-7

Altars:

Shops:
D:3 [[   D:4 [

Annotations:
D:4 Edmund, Ijyb


Innate Abilities, Weirdness & Mutations

You have temporarily grown beastly horns and talons.
Your demonic aura sometimes causes spilled blood to erupt in flames.
You are partially covered in razor-sharp scales. (AC +1, Slay +1)


Message History

Edmund the Younger comes into view.
He is wielding a +0 flail of protection.
Edmund is nearby!
Edmund is nearby!
You grow a pair of large bovine horns.
Your feet morph into talons.
Edmund shouts!
Ijyb the Twisted Goblin comes into view.
She is wielding a +0 club and carrying a wand of iceblast (5).
Ijyb shouts!
A quokka comes into view.
Edmund hits you but does no damage.
You hit Edmund. You headbutt Edmund, but do no damage.
Edmund is lightly wounded.
Ijyb closely misses you.
Edmund hits you with a +0 flail of protection.
You barely miss Edmund. You claw Edmund, but do no damage.
Edmund is lightly wounded.
Edmund barely misses you. Ijyb barely misses you.
You hit Edmund but do no damage. You claw Edmund, but do no damage.
You headbutt Edmund.
Edmund is lightly wounded.
Ijyb hits you with a +0 club! Edmund hits you but does no damage.
You hit Edmund but do no damage. You headbutt Edmund, but do no damage.
Edmund is lightly wounded.
Your transformation is almost over.
The quokka barely misses you. Ijyb misses you.
Edmund hits you with a +0 flail of protection.
You hit Edmund but do no damage. You headbutt Edmund.
Edmund is moderately wounded.
The quokka closely misses you. Ijyb hits you with a +0 club.
Edmund hits you with a +0 flail of protection!
* * * LOW HITPOINT WARNING * * *
You hit Edmund. You claw Edmund, but do no damage.
Edmund is moderately wounded.
The quokka misses you.
Edmund hits you with a +0 flail of protection.
* * * LOW HITPOINT WARNING * * *
Ijyb closely misses you. The quokka barely misses you.
As you read the scroll of summoning, it crumbles to dust.
Wisps of shadow whirl around you...
Edmund hits you with a +0 flail of protection!
You die...

#............#
...#
#............#
#............#
##...##......#
#.
#....##......#
#.
#............#
#.
#....##......#
#.
#....##......#
#.
#.......s@o..#
+.
##...##.g@r...#
#. ## #...B...#
#. #........'..
#. #........#..
##. #........#
. #..
##......## #.<
######## #..
##.


You could see Edmund (ally target), Ijyb (ally target), a quokka (ally target),
a friendly scorpion (summoned), a friendly orc (summoned) and a friendly giant
cockroach (summoned).

Vanquished Creatures
  A jelly (D:4)
  Jessica (D:2)
  Terence (D:2)
  4 adders
  3 gnolls (D:4)
  An ufetubus (D:4)
  5 worms
  2 dart slugs
  2 orcs (D:3)
  6 ball pythons
  7 endoplasms
  2 giant cockroaches
  9 goblins
  4 hobgoblins
  5 kobolds
  2 quokkas
  8 bats
  6 frilled lizards
  7 rats
76 creatures vanquished.

Vanquished Creatures (others)
  2 plants (D:2)
2 creatures vanquished.

Grand Total: 78 creatures vanquished

Notes
Turn   | Place    | Note
-------+----------+-------------------------------------------
     0 | D:1      | Hubjo the Demonspawn Transmuter began the quest for the
                  | Orb.
     0 | D:1      | Reached XP level 1. HP: 15/15 MP: 3/3
   200 | D:1      | Gained mutation: Your demonic aura sometimes causes spilled
                  | blood to erupt in flames. [demonic ancestry]
   200 | D:1      | Reached XP level 2. HP: 13/21 MP: 5/5
   673 | D:1      | Found a faded altar of an unknown god.
   931 | D:1      | Reached XP level 3. HP: 26/26 MP: 4/6
  1225 | D:2      | Noticed Jessica
  1234 | D:2      | Killed Jessica
  1235 | D:2      | Gained mutation: You are partially covered in razor-sharp
                  | scales. (AC +1, Slay +1) [demonic ancestry]
  1235 | D:2      | Reached XP level 4. HP: 32/33 MP: 7/7
  1381 | D:2      | Noticed Terence
  1393 | D:2      | Killed Terence
  2082 | D:3      | Found Firerrom's Armour Boutique.
  2274 | D:3      | Found Veugopp's Antique Armour Boutique.
  2349 | D:3      | Reached XP level 5. HP: 38/38 MP: 7/9
  2945 | D:4      | Found Keptoddoeb's Antique Armour Boutique.
  3303 | D:4      | Noticed Edmund
  3304 | D:4      | Noticed Ijyb
  3314 | D:4      | Mangled by Edmund

Illustrated notes

Levels and vault maps discovered:
D:1:      minmay_arrival_four_loops, layout_loops_ring,
          dreamdust_ecumenical_altar_angels_and_demons
D:2:      layout_loops_ring, minmay_liquid_box, corexii_shack,
          kennysheep_cross_bottleneck, uniq_jessica, uniq_terence
D:3:      layout_basic, serial_shops, nicolae_shop_advertising_works
          [nicolae_subvault_shop_adworks], shop, minmay_diced_spiral
D:4:      layout_gridville, minmay_temple_entry_proselytizer, serial_shops,
          nicolae_shop_crystal, supply_closet_lemuel, nrook_mini_backslash,
          uniq_ijyb, uniq_menkaure, uniq_edmund

Skill      XL: |  1  2  3  4  5 |
---------------+----------------+-----
Dodging        | 2 3 |  3.0
Transmutations | 2 |  2.9
Unarmed Combat | 3 |  3.5
Fighting       | 2 |  2.5
Spellcasting   | 3 |  3.0

Action                   |  1- 3 |  4- 6 || total
-------------------------+-------+-------++-------
Melee: Unarmed           |    89 |   111 ||   200
       Kick              |    17 |    28 ||    45
       Headbutt          |     9 |    25 ||    34
       Punch             |       |     3 ||     3
 Cast: Beastly Appendage |    22 |    31 ||    53
  Use: Scroll            |       |     7 ||     7
       Potion            |       |     1 ||     1
 Stab: Sleeping          |     1 |     1 ||     2
Armor: Robe              |     9 |    18 ||    27
Dodge: Dodged            |    46 |    65 ||   111

Table legend: (Time is in decaauts)
 A = Elapsed time spent in this place.
 B = Non-inter-level travel time spent in this place.
 C = Inter-level travel time spent in this place.
 D = Time resting spent in this place.
 E = Time spent auto-exploring this place.
 F = Levels seen in this place.
 G = Mean time per level.
                   A        B        C        D        E       F      G
               +--------+--------+--------+--------+--------+-----+--------+
         Total |   3300 |   3253 |     47 |      0 |   2752 |   4 |  825.0 |
       Dungeon |   3300 |   3253 |     47 |      0 |   2752 |   4 |  825.0 |
               +--------+--------+--------+--------+--------+-----+--------+

Top non-repeatable levels by time:
     D:1: 1018 daAuts
     D:2: 962 daAuts
     D:3: 806 daAuts
     D:4: 513 daAuts
